 Dungeon Crawl Stone Soup version 0.17-a0-1976-g482a304 (webtiles) character file.

341 LordVetinari the Magician (level 6, -7/32 HPs)
             Began as a Deep Elf Wizard on Oct 5, 2015.
             Mangled by Duvessa
             ... wielding a +0 short sword
              (10 damage)
             ... on level 4 of the Dungeon.
             The game lasted 00:11:30 (4301 turns).

LordVetinari the Magician (Deep Elf Wizard)         Turns: 4301, Time: 00:11:30

Health: -7/32      AC:  2    Str:  4    XL:     6   Next: 30%
Magic:  5/17       EV: 13    Int: 25    God:
Gold:   192        SH:  0    Dex: 16    Spells: 4 memorised, 8 levels left

rFire  . . .     SeeInvis .     (no weapon)
rCold  . . .     Clarity  .     a - +0 robe
rNeg   . . .     SustAt   .     (no shield)
rPois  .         Gourm    .     b - +0 hat
rElec  .         Spirit   .     (no cloak)
rCorr  .         Warding  .     (no gloves)
rMut   .         Stasis   .     (no boots)
MR     .....                    (no amulet)
Stlth  ++........               (no ring)
                                i - +3 ring of dexterity

@: not resistant to hostile enchantments, unstealthy
A: no striking features
a: no special abilities


You were on level 4 of the Dungeon.
You were not hungry.

You visited 1 branch of the dungeon, and saw 4 of its levels.

You collected 192 gold pieces.

Inventory:

Armour
 a - a +0 robe (worn)
 b - a +0 hat (worn)
 g - a +0 pair of gloves
Jewellery
 i - a +3 ring of dexterity (left hand)
Scrolls
 e - 2 scrolls of identify {unknown}
 m - a scroll of remove curse
 o - a scroll of amnesia {unknown}
Potions
 h - a potion of cure mutation {unknown}
 j - a potion of agility
 k - a potion of lignification {unknown}
 l - a potion of curing {unknown}
 n - a potion of degeneration {unknown}
Books
 c - a book of Minor Magic

   Spells                             Type                      Level
   a - Magic Dart                     Conjuration                  1
   b - Blink                          Translocation                2
   c - Call Imp                       Summoning                    2
   d - Repel Missiles                 Charms/Air                   2
   e - Slow                           Hexes                        2
   f - Conjure Flame                  Conjuration/Fire             3
   g - Mephitic Cloud                 Conjuration/Poison/Air       3
Comestibles
 d - 2 bread rations
 f - a meat ration


   Skills:
 - Level 2.4 Dodging
 - Level 2.4 Stealth
 + Level 6.2 Spellcasting
 * Level 5.9 Conjurations
   Level 1.1 Summonings
 - Level 1.4 Translocations
 + Level 0.4 Fire Magic


You had 8 spell levels left.
You knew the following spells:

 Your Spells              Type           Power        Failure   Level  Hunger
a - Magic Dart            Conj           ####         1%          1    None
b - Blink                 Tloc           N/A          8%          2    None
c - Conjure Flame         Conj/Fire      ###.....     8%          3    None
d - Mephitic Cloud        Conj/Pois/Air  ###.....     12%         3    None


Dungeon Overview and Level Annotations

Branches:
Dungeon (4/15)
 Temple: D:4-7

Altars:

Annotations:
D:4 Duvessa, Grinder


Message History

Grinder hits you!
You writhe in agony.
You writhe in agony.
Grinder gestures.
Grinder blinks!
You can move again.
Grinder gestures at you.
You struggle to resist.
Duvessa goes berserk!
Duvessa hits you with a short sword!
* * * LOW HITPOINT WARNING * * *
Casting: Mephitic Cloud
Confirm with . or Enter, or press ? or * to list all spells.
You blink.
Grinder gestures at you. Pain shoots through your body!
* * * LOW HITPOINT WARNING * * *
Casting: Blink
Confirm with . or Enter, or press ? or * to list all spells.
You blink.
Duvessa barely misses you. Duvessa hits you with a short sword!
You die...

...oo#####...####........#.####
.....{..###### #........#.....
........#########..........#
......oo#..........).....#.#
.........<###.###........#.###
...........##.#.?............#
........##......#5.......##..#
#.#####.......###e.......##..####
#. ..###(....@##########...... ..
###..........## #...... #
###...........# #......
######.............###### #....##
.......##..........#....###.##..#
........#..........#....##..#...>
#..........).......#....##.#.....
##......#...)....................
#....####........................


You could see Grinder and Duvessa (berserk).

Vanquished Creatures
  Dowan (D:4)
  3 orc wizards
  A worker ant (D:3)
  6 adders
  A shadow imp (D:4)
  3 oozes
  4 worms
  17 orcs
  6 bats
  2 giant cockroaches
  11 hobgoblins
  10 jackals
  4 kobolds
  3 quokkas (D:2)
  5 ball pythons
  2 giant geckos
  2 giant newts (D:3)
  10 goblins
  5 rats
96 creatures vanquished.

Notes
Turn   | Place    | Note
--------------------------------------------------------------
     0 | D:1      | LordVetinari the Deep Elf Wizard began the quest for the Orb.
     0 | D:1      | Reached XP level 1. HP: 10/10 MP: 7/7
   183 | D:1      | Reached XP level 2. HP: 12/15 MP: 6/9
   187 | D:1      | Learned a level 2 spell: Blink
   857 | D:1      | Reached XP level 3. HP: 19/19 MP: 7/10
  1057 | D:1      | Learned a level 3 spell: Conjure Flame
  1061 | D:1      | Learned a level 3 spell: Mephitic Cloud
  1471 | D:2      | Reached skill level 5 in Spellcasting
  1578 | D:2      | Reached XP level 4. HP: 24/24 MP: 1/13
  2910 | D:3      | Reached XP level 5. HP: 28/28 MP: 9/15
  3370 | D:4      | Noticed Duvessa
  3382 | D:4      | Noticed Dowan
  3434 | D:3      | Reached skill level 5 in Conjurations
  3638 | D:4      | Reached skill level 6 in Spellcasting
  3956 | D:4      | Reached XP level 6. HP: 32/32 MP: 9/17
  4235 | D:4      | Killed Dowan
  4276 | D:4      | Noticed Grinder
  4285 | D:4      | Paralysed by Grinder for 5 turns
  4301 | D:4      | Mangled by Duvessa

Vault maps used:
D:1:      minmay_arrival_four_houses
D:2:      first_bread
D:4:      uniq_duvessa, uniq_grinder

Action                   |  1- 3 |  4- 6 || total
-------------------------+-------+-------++-------
Melee: Unarmed           |     9 |     6 ||    15
 Cast: Magic Dart        |    95 |   158 ||   253
       Conjure Flame     |     2 |     5 ||     7
       Mephitic Cloud    |       |     5 ||     5
       Blink             |       |     4 ||     4
  Use: Scroll            |       |     7 ||     7
       Potion            |       |     1 ||     1
  Eat: Chunk             |     2 |     8 ||    10
